 Dungeon Crawl Stone Soup version 0.22-a0-422-g9628fc8 (webtiles) character file.

30 4thArraOfDagon the Skirmisher (level 3, -1/23 HPs)
             Began as a Gargoyle Berserker on May 16, 2018.
             Was a Follower of Trog.
             Slain by Grinder (5 damage)
             ... on level 3 of the Dungeon.
             The game lasted 00:01:44 (246 turns).

4thArraOfDagon the Skirmisher (Gargoyle Berserker)   Turns: 246, Time: 00:01:44

Health: -1/23      AC:  7    Str: 21    XL:     3   Next: 20%
Magic:  3/3        EV: 12    Int:  7    God:    Trog [*.....]
Gold:   58         SH:  0    Dex:  9    Spells: 2/2 levels left

rFire    + . .     SeeInvis .   i - +0 war axe
rCold    + . .     Gourm    .   (no shield)
rNeg     + . .     Faith    .   b - +0 animal skin
rPois    ∞         Spirit   .   (no helmet)
rElec    +         Reflect  .   (no cloak)
rCorr    .         Harm     .   f - +1 pair of gloves (curse)
MR       .....                  (no boots)
Stlth    +.........             (no amulet)
HPRegen  0.07/turn              e - ring of protection from cold
MPRegen  0.08/turn              j - ring of protection from fire

@: berserk cooldown, slowed, very slow
A: negative energy resistance 1, electricity resistance, unbreathing,
petrification resistance, rot immunity, AC +3
a: Berserk, Renounce Religion


You were on level 3 of the Dungeon.
You worshipped Trog.
Trog was aware of your devotion.
You were not hungry.

You visited 1 branch of the dungeon, and saw 3 of its levels.

You collected 58 gold pieces.

Inventory:

Hand Weapons
 a - a +0 hand axe
 i - a +0 war axe (weapon)
Armour
 b - a +0 animal skin (worn)
 f - a cursed +1 pair of gloves (worn)
Jewellery
 e - a ring of protection from cold (left hand)
 j - a ring of protection from fire (right hand)
Wands
 n - a wand of disintegration (13)
Scrolls
 l - 2 scrolls of enchant armour
Potions
 h - a potion of lignification {unknown}
 k - a potion of flight {unknown}
 m - a potion of haste {unknown}
Comestibles
 c - a ration


   Skills:
 + Level 3.5 Fighting
 * Level 3.2 Axes
 + Level 2.6 Armour
 + Level 1.9 Dodging


You had 2 spell levels left.
You didn't know any spells.
Your spell library was empty.

Dungeon Overview and Level Annotations

Branches:
Dungeon (3/15)

Altars:

Annotations:
D:3 Grinder


Innate Abilities, Weirdness & Mutations

You are resistant to torment.
Your stone body is resilient. (AC +3)
You are immune to poison.
You resist negative energy. (rN+)
You are resistant to electric shocks. (rElec)
You can survive without breathing.
You are immune to petrification.
You are immune to rotting.


Message History

Grinder is heavily wounded.
Grinder gestures at you.
You barely resist.
Unknown command.
You hit Grinder.
Grinder is heavily wounded.
Grinder hits you but does no damage.
Unknown command.
You barely miss Grinder.
Grinder is heavily wounded.
Grinder blinks!
Unknown command.
Things that are here:
a goblin corpse x2
Unknown command.
You feel a strong urge to attack something.
You are no longer berserk.
You are exhausted.
You feel yourself slow down. Grinder hits you.
You die...

#.......# .......###.
#.#.#......
#####.#.#.# #.###
#....<....# #...
#.###.#(#.###.###
######.###........)..#
#....5.....#.†.......#
#.####@)..#..)(†(.)..#
##§##...(.(......#
##[#.####.(.......## #
##)###.####.(....(.(.
####.#†## ##.#
#.......)##
.........###.##
#.##.##....
########..#.##
#.##.##.### #.#§## #.
#.#... ...............
.......


You could see Grinder.

Vanquished Creatures
  An adder (D:2)
  5 orcs (D:3)
  4 goblins
  2 hobgoblins (D:3)
  A frilled lizard (D:3)
  2 kobolds (D:3)
  A rat (D:1)
16 creatures vanquished.

Notes
Turn   | Place    | Note
-------+----------+-------------------------------------------
     0 | D:1      | 4thArraOfDagon the Gargoyle Berserker began the quest for the Orb.
     0 | D:1      | Reached XP level 1. HP: 14/14 MP: 1/1
    17 | D:2      | Reached XP level 2. HP: 16/19 MP: 2/2
   179 | D:3      | Noticed Grinder
   185 | D:3      | Reached XP level 3. HP: 23/23 MP: 3/3
   192 | D:3      | Paralysed by Grinder for 3 turns
   196 | D:3      | Paralysed by Grinder for 7 turns
   246 | D:3      | Slain by Grinder

Vault maps used:
D:1:      dpeg_arrival_fog, minmay_misc_feat_enclosed
D:2:      fiery_altar_vehumet
D:3:      minitemple, minivault_27, uniq_jessica, uniq_grinder

Skill      XL: |  1  2 |
---------------+-------+-----
Axes           | 3 |  3.2
Fighting       | |  3.5
Armour         | |  2.6
Dodging        | |  1.9

Action                   || total
-------------------------++-------
Melee: Hand axe          ||     5
       War axe           ||    29
Invok: Berserk           ||     3
  Use: Scroll            ||     3
       Potion            ||     1
  Eat: Ration            ||     1
Armor: Animal skin       ||    21
Dodge: Dodged            ||    40

Table legend:
 A = Spawn XP
 B = Non-spawn XP
 C = Spawn XP percentage of total XP
 D = Spawn monster count
 E = Non-spawn monster count
 F = Spawn count percentage of total count
 G = Total turns spent on level
                    A         B        C        D         E        F      G
               +---------+---------+-------+---------+---------+-------+---------
         Total |       0 |      44 |   0.0 |       0 |      16 |   0.0 |   246
               +---------+---------+-------+---------+---------+-------+---------
           D:1 |       0 |       5 |   0.0 |       0 |       3 |   0.0 |    65
           D:2 |       0 |      13 |   0.0 |       0 |       1 |   0.0 |    60
           D:3 |       0 |      26 |   0.0 |       0 |      12 |   0.0 |   121
               +---------+---------+-------+---------+---------+-------+---------
